 Dungeon Crawl Stone Soup version 0.27.1-34-g3ba077fa99 (webtiles) character file.

Game seed: 9991727207522105339

177 cbfl8 the Sneak (level 5, -1/47 HPs)
             Began as a Minotaur Delver on Jan 20, 2022.
             Succumbed to Sigmund's poison
             ... on level 5 of the Dungeon.
             The game lasted 00:03:19 (1709 turns).

cbfl8 the Sneak (Minotaur Delver)                   Turns: 1709, Time: 00:03:19

Health: -1/47      AC:  8    Str: 16    XL:     5   Next: 31%
Magic:  4/4        EV:  7    Int:  8    God:
Gold:   49         SH:  0    Dex: 12    Spells: 4/4 levels left

rFire    . . .     SeeInvis .   a - +0 hand axe
rCold    . . .     Faith    .   (no shield)
rNeg     . . .     Spirit   .   n - +0 chain mail
rPois    .         Reflect  .   (helmet restricted)
rElec    .         Harm     .   (no cloak)
rCorr    .         Rampage  .   (no gloves)
Will     .....                  (no boots)
Stlth    ..........             (no amulet)
HPRegen  0.15/turn              (no ring)
MPRegen  0.09/turn              (no ring)

@: confused, lethally poisoned (-1 -> -17)
A: horns 2, retaliatory headbutt
a: no special abilities


You were on level 5 of the Dungeon.
You visited 1 branch of the dungeon, and saw 2 of its levels.

You collected 49 gold pieces.

Inventory:

Hand Weapons
 a - a +0 hand axe (weapon)
Armour
 b - a +0 leather armour
 k - a +2 leather armour of fire resistance
 n - a +0 chain mail (worn)
Wands
 g - a wand of digging (3)
 i - a wand of polymorph (4)
Scrolls
 c - a scroll of fog
 d - a scroll of magic mapping
 e - a scroll of fear
 h - a scroll of enchant armour {unknown}
 j - a scroll of holy word {unknown}
 l - a scroll of blinking {unknown}
 m - a scroll of enchant weapon {unknown}
Potions
 f - a potion of haste


   Skills:
 + Level 4.5 Fighting
 + Level 3.4 Axes
 + Level 2.0 Armour
 + Level 2.7 Dodging
 + Level 5.2 Stealth


You had 4 spell levels left.
You didn't know any spells.
Your spell library was empty.

Dungeon Overview and Level Annotations

Branches:
Dungeon (5/15)
 Temple: D:4-7

Altars:

Annotations:
D:4 Dowan, Duvessa, Eustachio
D:5 Sigmund


Innate Abilities, Weirdness & Mutations

You have a pair of horns on your head.
You reflexively headbutt those who attack you in melee.


Message History

Sigmund flickers and vanishes!
Deactivating autopickup; reactivate with Ctrl-A.
Eustachio casts a spell.
Found a stone staircase leading down.
There is an open door here.
Eustachio mumbles some strange words.
Eustachio blinks!
Something hits you!
You are poisoned.
Dowan, Brother of Duvessa comes into view.
He is wielding a +0 dagger and wearing a +1 robe of willpower.
There is a stone staircase leading down, spattered with blood here.
You feel very sick.
Eustachio casts a spell.
You climb downwards.
Reactivating autopickup.
You feel very sick.
Found 12 gold pieces.
There is a stone staircase leading up here.
You feel sick. Something hits you but does no damage.
You are more poisoned.
Deactivating autopickup; reactivate with Ctrl-A.
You miss something.
You feel very sick. Something hits you!
You hit something.
You feel sick. Something hits you but does no damage.
Unknown command.
Your chain mail prevents you from hitting something.
You feel sick.
Unknown command.
You miss something. You headbutt something.
You feel sick. Something hits you.
* * * LOW HITPOINT WARNING * * *
Unknown command.
You hit something but do no damage.
You feel sick.
You hear some strange, mumbled words.
You are confused.
Unknown command.
You feel sick. Something hits you!
* * * LOW HITPOINT WARNING * * *
You are more poisoned.
Unknown command.
You bump into the rock wall.
You die...

##.# .#.# .#.#
#####...####
#####...........
.....$.........#
#.....{.......#
#...<......#
#.@........#
######..####
#.... ..... ####


There were no monsters in sight!

Vanquished Creatures
  A howler monkey (D:5)
  A hound (D:4)
  An orc priest (D:5)
  Ijyb (D:4)
  An orc wizard (D:5)
  A river rat (D:4)
  2 orcs (D:5)
  5 hobgoblins (D:4)
  5 jackals (D:4)
  A kobold (D:4)
  A ball python (D:4)
20 creatures vanquished.

Notes
Turn   | Place    | Note
-------+----------+-------------------------------------------
     0 | D:5      | cbfl8 the Minotaur Delver began the quest for the Orb.
     0 | D:5      | Reached XP level 1. HP: 19/19 MP: 0/0
    14 | D:4      | Noticed a hound
    26 | D:4      | Killed a hound
    27 | D:4      | Reached XP level 2. HP: 8/27 MP: 1/1
    27 | D:4      | Reached XP level 3. HP: 9/33 MP: 2/2
   267 | D:4      | Noticed Ijyb
   288 | D:4      | Killed Ijyb
   328 | D:4      | Reached skill level 5 in Stealth
   328 | D:4      | Reached XP level 4. HP: 11/40 MP: 3/3
   877 | D:4      | Noticed Duvessa
  1115 | D:5      | Reached skill level 1 in Armour
  1509 | D:4      | Noticed a black bear
  1560 | D:5      | Reached XP level 5. HP: 38/47 MP: 4/4
  1696 | D:4      | Noticed Sigmund
  1696 | D:4      | Noticed Eustachio
  1699 | D:4      | Noticed Dowan
  1709 | D:5      | Succumbed to Sigmund's poison

Illustrated notes

Levels and vault maps discovered:
D:4:      layout_basic, minmay_close_crescents, uniq_ijyb, uniq_sigmund,
          uniq_duvessa, uniq_eustachio
D:5:      layout_rooms

Skill      XL: |  1  2  3  4 |
---------------+-------------+-----
Fighting       | 4 |  4.5
Stealth        | 5 |  5.2
Axes           | 3 |  3.4
Armour         | 2 |  2.0
Dodging        | |  2.7

Action                   |  1- 3 |  4- 6 || total
-------------------------+-------+-------++-------
Melee: Hand axe          |    45 |    50 ||    95
       Headbutt          |     2 |    11 ||    13
Evoke: Wand              |     1 |       ||     1
  Use: Potion            |     1 |       ||     1
Armor: Leather armour    |    11 |     7 ||    18
       Skin              |    14 |       ||    14
       Chain mail        |       |    16 ||    16
Dodge: Dodged            |    25 |    31 ||    56
